 Dungeon Crawl Stone Soup version 0.13-a0-2001-g039544c (webtiles) character file.

240221 JacquesDerrida the Phalangite (level 20, -3/137 HPs)
             Began as a Tengu Gladiator on June 24, 2013.
             Was an Elder of Ashenzari.
             Killed by the air
             ... invoked by Sojobo
              (14 damage)
             ... on Level 24 of the Dungeon on June 25, 2013.
             The game lasted 04:41:46 (51155 turns).

JacquesDerrida the Phalangite (Tengu Gladiator)    Turns: 51155, Time: 04:41:47

HP  -3/137       AC 22     Str 17      XL: 20   Next: 82%
MP  40/40        EV 20     Int 17      God: Ashenzari [****..]
Gold 2291        SH  2     Dex 19      Spells:  7 memorised, 23 levels left

Res.Fire  : + + .   See Invis. : +   a - +3,+1 demon trident (elec) (curse)
Res.Cold  : . . .   Warding    : .   N - +1 fire dragon armour (curse)
Life Prot.: . . .   Conserve   : .   (no shield)
Res.Poison: .       Res.Corr.  : .   c - +0 cap (curse)
Res.Elec. : .       Clarity    : +   (no cloak)
Sust.Abil.: . .     Spirit.Shd : .   x - +2 pair of gloves
Res.Mut.  : +       Stasis     : .   (boots unavailable)
Res.Rott. : .       Flight     : +   k - amulet of resist mutation
Saprovore : . . .                    V - ring of Vitality {Regen HP+15}
                                     v - cursed +5 ring of intelligence

@: flying, mildly poisoned, quick, quite resistant to hostile enchantments,
extremely unstealthy
A: able to fly continuously, beak, talons 3, berserk 1, clarity, cold resistance
1, AC +6, SH +2
a: Stop Flying, End Transfer Knowledge, Scrying, Renounce Religion


You were on level 24 of the Dungeon.
You worshipped Ashenzari.
Ashenzari was extremely pleased with you.
You were not hungry.

You visited 7 branches of the dungeon, and saw 44 of its levels.
You also visited: Bailey.

You collected 4191 gold pieces.
You spent 1920 gold pieces at shops.

Inventory:

Hand weapons
 a - a cursed +3,+1 demon trident of electrocution (weapon)
Missiles
 u - 9 poisoned javelins (quivered)
Armour
 c - a cursed +0 cap (worn)
 x - a +2 pair of gloves (worn)
 N - a cursed +1 fire dragon armour (worn)
Magical devices
 K - a wand of cold (0)
 O - a wand of digging (11) {unknown}
 Y - a wand of teleportation (0)
 Z - a wand of teleportation (0)
Comestibles
 f - 2 rotting chunks of orc flesh
 g - a chunk of orc flesh
 l - a sausage
 m - 4 bread rations
Scrolls
 b - 2 scrolls of vulnerability
 e - 5 scrolls of identify
 i - a scroll of enchant armour
 o - a scroll of curse armour
 s - a scroll of holy word
 E - a scroll of magic mapping
 F - 2 scrolls of curse weapon
 G - 3 scrolls of remove curse
 I - 3 scrolls of teleportation
Jewellery
 d - an uncursed ring of life protection
 k - an amulet of resist mutation (around neck)
 n - an uncursed amulet of guardian spirit
 p - an uncursed ring of protection from fire
 v - a cursed +5 ring of intelligence (left hand)
 C - a +3 ring of evasion
 H - an uncursed amulet of rage
 M - an uncursed ring of wizardry
 V - the ring of Vitality (right hand) {Regen HP+15}
   (You found it on level 14 of the Dungeon)

   [ring of regeneration]

   It affects your health (+15).
Potions
 w - a potion of brilliance
 D - a potion of curing
 J - a potion of might


   Skills:
 - Level 12.5 Fighting
 - Level 22.3(24.7) Polearms
 - Level 5.2 Throwing
 + Level 12.1 Armour
 - Level 13.4 Dodging
 - Level 15.4 Spellcasting
 - Level 7.3 Charms
 - Level 15.5 Air Magic


You had 23 spell levels left.
You knew the following spells:

 Your Spells              Type           Power        Failure   Level  Hunger
a - Repel Missiles        Chrm/Air       ######....   1%          2    None
b - Swiftness             Chrm/Air       ######....   1%          2    None
c - Cure Poison           Pois           ##........   21%         2    None
d - Silence               Hex/Air        #####.....   14%         5    ###....
e - Haste                 Chrm           #####...     85%         6    #####..
f - Deflect Missiles      Chrm/Air       ######....   17%         6    #####..
g - Mephitic Cloud        Conj/Pois/Air  ####....     4%          3    None


Dungeon Overview and Level Annotations

Branches:
Dungeon (24/27)            Temple (1/1) D:5             Orc (4/4) D:9
    Elf (0/3) Orc:4          Lair (8/8) D:8          Shoals (3/5) Lair:6
 Spider (0/5) Lair:5        Slime (0/6) Lair:8       Vaults (3/5) D:16
 Forest (1/5) Vaults:2
  Blade: Vaults:3-4

Altars:
Ashenzari
Cheibriados
Fedhas
Kikubaaqudgha
Makhleb
Nemelex Xobeh
Sif Muna
Trog
Vehumet
Xom
Zin
the Shining One
Jiyva

Shops:
D:9: }}!?? Orc:1: ( Orc:3: ( Orc:4: [(*+ Vaults:1: !

Portals:
Hell: D:21 D:22 D:24 Lair:8
Abyss: D:24
Pandemonium: D:22 D:24
Trove: D:15 (give +2 gold dragon armour)

Annotations
D:3 Juliette's ghost, average GrMo
D:4 Sigmund
D:17 exclusion: Roxanne, Roxanne
D:18 exclusion: 3 doors
D:24 Jory; Sojobo
Lair:1 exclusion: black mamba
Shoals:2 DasRunzen's ghost, mighty DjFE
Vaults:1 Louise
Forest:1 exclusion: oklob plant


Innate Abilities, Weirdness & Mutations

You can fly continuously.
You have a beak for a mouth.
You have claws for feet.
You are partially covered in iridescent scales (AC +4).
You are partially covered in large bone plates (AC +2, SH +2).
You tend to lose your temper in combat.
You possess an exceptional clarity of mind.
Your flesh is cold resistant.


Message History

You are engulfed in poison gas.
You are more poisoned.
* * * LOW HITPOINT WARNING * * *
Drink which item? (? for menu, Esc to quit)
You feel better.
You are engulfed in poison gas.
You are poisoned.
* * * LOW HITPOINT WARNING * * *
The tengu reaver completely misses you. The tengu reaver closely misses you.
Sojobo comes into view.
He is wielding a glowing great sword.
You barely miss the tengu reaver. Your kick misses the tengu reaver.
The tengu reaver is almost dead.
You impale the tengu reaver!!
You kill the tengu reaver!
Your Armour skill increases to level 12!
* * * LOW HITPOINT WARNING * * *
You feel sick.
The battlesphere dissipates.
Sojobo waves his feathered arms in wide circles.
The air twists around and violently strikes you in flight!
You die...

............#.##..........,
** ..........................
, ,
..........................,**
, ,
.....................{.....*
* ......##.........§.#* , , ,
..########......Z.## *, ,, ,
..# ##........# * , , ..#
###.......)## *.. * * ,
..#####....#....@.###*...
..##..>....###......##∩.#* *
, ...........# ##......H..#
......###..# ##........### *
....### #..# ##.........##**,
...## ##).# ##.......... ..##
#..## #......##. ,, ..# #..#
##....##* , .#### #..#
#...##** ,


You could see Sojobo and an iron dragon skeleton.

Vanquished Creatures
  Frederick (D:23)
  A sphinx (D:22)
  Rupert (D:14)
  2 tengu reavers (D:24)
  Frances (D:22)
  2 frost giants
  Wiglaf (Vaults:1)
  2 ghost moths (D:24)
  3 fire giants
  7 stone giants
  A vault warden (Vaults:2)
  The ghost of kroupouk the Cutthroat, a powerful KoBe of Trog (Orc:4)
  2 dire elephants (Lair:8)
  Azrael (D:16)
  2 satyrs (Forest:1)
  2 vampire knights (D:24)
  An ettin (Vaults:2)
  Snorg (D:16)
  6 great orbs of eyes
  8 yaktaur captains
  A dragon (D:23)
  3 ogre magi
  3 ironheart preservers (Vaults:2)
  A storm dragon skeleton (Vaults:2)
  An ice dragon (Vaults:2)
  Erica (D:13)
  Harold (Lair:4)
  Josephine (D:14)
  A merfolk aquamancer (Shoals:1)
  15 hydras
  The ghost of BeartrapSandwich the Slicer, a powerful KoBe of Trog (D:11)
  A deep troll earth mage (D:23)
  5 deep troll shamans
  10 deep trolls
  A frost giant zombie (Vaults:1)
  8 stone giant zombies
  6 death yaks (Lair:8)
  5 very ugly things
  Urug (D:13)
  Nergalle (D:13)
  19 centaur warriors
  5 orc high priests (Orc:4)
  An iron golem (Vaults:1)
  A frost giant skeleton (D:19)
  2 fire giant skeletons (D:20)
  5 stone giant skeletons
  5 unseen horrors
  3 shadow wraiths
  An iron troll (Vaults:3)
  A skeletal warrior (D:15)
  4 deep elf knights
  A soul eater (Orc:4)
  A redback zombie (D:18)
  2 giant orange brains
  4 fauns (Forest:1)
  A lindwurm (shapeshifter) (D:21)
  4 sea snakes
  An iron troll zombie (D:21)
  4 flayed ghosts (D:24)
  Pikel (D:6)
  3 ironbrand convokers
  A necromancer (Vaults:2)
  18 harpies
  11 hill giants
  26 orc knights
  2 giant amoebae
  An iron troll skeleton (Vaults:2)
  3 wizards
  6 spirit wolves (Forest:1)
  An orc sorcerer (Vaults:2)
  3 red wasps
  7 wolf spiders
  A human zombie (Vaults:2)
  8 griffons
  2 spiny worms
  An ice dragon zombie (D:17)
  A sixfirhy (Orc:4)
  13 cyclopes
  7 vault sentinels
  2 griffon zombies
  2 ettin zombies
  The ghost of JacquesDerrida the Spear-Bearer, an experienced TeGl of Ashenzari (D:8)
  3 elephant slugs
  A black mamba (shapeshifter) (D:19)
  6 elephants (Lair:4)
  A spiny frog (shapeshifter) (D:19)
  A stone giant simulacrum (D:19)
  28 slime creatures
  15 spiny frogs
  7 black mambas
  18 yaktaurs
  A feature mimic (D:13)
  An item mimic (D:14)
  A hill giant zombie (D:12)
  43 ugly things
  5 mermaids
  Sonja (Orc:2)
  5 komodo dragons
  5 two-headed ogres
  A red devil (Orc:4)
  3 hill giant skeletons
  3 snapping turtles
  5 spriggans
  13 trolls
  A polar bear (Lair:8)
  8 blink frogs (Lair:2)
  2 blue devils (Orc:4)
  A deep troll zombie (D:20)
  A polar bear (shapeshifter) (D:20)
  A raven (D:24)
  An iron troll simulacrum (Vaults:2)
  A raven (shapeshifter) (D:21)
  4 giant fireflies (Forest:1)
  5 basilisks
  A blink frog zombie (D:16)
  A dragon simulacrum (D:14)
  47 yaks
  A griffon simulacrum (D:16)
  2 grizzly bears
  2 orc zombies (Vaults:2)
  2 wraiths
  12 shadows
  3 tarantellas
  A steam dragon (Lair:8)
  6 water elementals
  Eustachio (Orc:2)
  2 fire drakes
  7 merfolk
  3 vampires
  A clay golem (D:15)
  2 trapdoor spiders
  3 sharks
  4 redbacks (Vaults:2)
  14 vampire mosquitoes
  A neqoxec (Orc:4)
  13 hippogriffs
  7 manticores
  2 yaktaur zombies
  4 fire elementals (D:16)
  3 freezing wraiths
  4 hell hounds
  5 boulder beetles
  A cyclops zombie (D:17)
  3 rock worms
  A soldier ant (D:11)
  A yaktaur skeleton (D:19)
  6 mottled dragons
  4 sky beasts
  7 phantoms
  A cyclops skeleton (D:17)
  2 troll zombies
  2 ice beasts (D:9)
  A yellow wasp (D:17)
  An elf (shapeshifter) (D:20)
  18 ogres
  58 orc warriors
  2 troll skeletons (D:14)
  4 boring beetles
  33 centaurs
  12 crocodiles
  19 giant frogs
  9 giant slugs
  A brain worm (D:20)
  A deep elf mage (D:24)
  10 wargs
  A wolf (Lair:3)
  A big kobold (D:17)
  A soldier ant zombie (D:13)
  A basilisk zombie (D:17)
  14 water moccasins
  10 agate snails
  An eye of draining (D:14)
  A yak simulacrum (D:14)
  15 killer bees
  An ogre zombie (Vaults:2)
  A shapeshifter simulacrum (D:17)
  4 wights (D:10)
  A big kobold zombie (D:14)
  A mottled dragon skeleton (D:10)
  2 ogre skeletons
  10 crimson imps
  7 goliath beetles
  2 quasits
  A hound zombie (D:8)
  17 orc wizards
  30 orc priests
  9 worker ants
  13 iguanas
  5 scorpions
  11 hounds
  8 porcupines
  33 sheep
  6 boggarts
  6 jellies
  2 mummies
  18 gnolls
  25 adders
  26 green rats
  A scorpion zombie (D:8)
  2 giant centipedes
  4 giant mites
  An ufetubus (Vaults:2)
  4 worms
  A bat zombie (D:5)
  A giant eyeball (D:7)
  8 giant geckos
  174 orcs
  A ball python (D:2)
  30 bats
  6 giant cockroaches
  24 hobgoblins
  22 jackals
  10 quokkas
  4 spectral orcs (D:13)
  A giant gecko zombie (D:7)
  3 giant newts (D:1)
  25 goblins
  A goblin skeleton (D:4)
  8 kobolds
  A kobold zombie (D:6)
  An orc skeleton (D:10)
  A quokka zombie (D:5)
  8 rats
  2 rat skeletons
  A plant (Lair:2)
1471 creatures vanquished.

Vanquished Creatures (collateral kills)
  A rat (Lair:1)
1 creature vanquished.

Vanquished Creatures (others)
  An ugly thing (Vaults:1)
  A giant frog (D:16)
  An ogre skeleton (D:6)
  A sheep (Lair:3)
  2 boggarts
  2 adders
  A giant centipede (D:16)
  A bat (D:6)
  A goblin (D:3)
  A kobold (D:9)
  16 fungi
  A plant (Vaults:2)
  4 tentacles (Shoals:3)
  4 tentacle segments (Shoals:3)
37 creatures vanquished.

Grand Total: 1509 creatures vanquished

Notes
Turn   | Place    | Note
--------------------------------------------------------------
     0 | D:1      | JacquesDerrida, the Tengu Gladiator, began the quest for the Orb.
     0 | D:1      | Reached XP level 1. HP: 13/13 MP: 0/0
   171 | D:1      | Reached XP level 2. HP: 18/18 MP: 2/2
   177 | D:1      | Reached skill level 4 in Polearms
   435 | D:1      | Reached XP level 3. HP: 14/22 MP: 3/3
   860 | D:2      | Reached skill level 5 in Polearms
  1418 | D:2      | Reached XP level 4. HP: 28/28 MP: 4/4
  1440 | D:2      | Found a sparkling altar of Nemelex Xobeh.
  1741 | D:2      | Reached skill level 6 in Polearms
  1839 | D:2      | Reached XP level 5. HP: 32/32 MP: 6/6
  2588 | D:3      | Found a snail-covered altar of Cheibriados.
  2589 | D:3      | Found a deep blue altar of Sif Muna.
  2628 | D:3      | Noticed Juliette's ghost (average GrMo)
  2768 | D:3      | Reached skill level 7 in Polearms
  3102 | D:3      | Reached XP level 6. HP: 36/36 MP: 7/7
  3405 | D:4      | Reached skill level 8 in Polearms
  3827 | D:4      | Noticed Sigmund
  3844 | D:5      | Entered Level 5 of the Dungeon
  3975 | D:5      | Reached XP level 7. HP: 20/40 MP: 8/8
  4410 | D:5      | Reached skill level 9 in Polearms
  4726 | D:5      | Found a deep blue altar of Sif Muna.
  4877 | D:5      | Found a staircase to the Ecumenical Temple.
  4887 | Temple   | Entered the Ecumenical Temple
  4934 | Temple   | Became a worshipper of Ashenzari the Shackled
  5682 | D:6      | Reached skill level 10 in Polearms
  5682 | D:6      | Reached XP level 8. HP: 42/46 MP: 10/10
  5804 | D:6      | Noticed Pikel
  5818 | D:6      | Killed Pikel
  5818 | D:6      | Reached skill level 11 in Polearms
  6458 | D:7      | Reached XP level 9. HP: 36/50 MP: 11/11
  6594 | D:7      | Found a glowing silver altar of Zin.
  6594 | D:7      | Noticed an angel
  6737 | D:7      | Reached skill level 12 in Polearms
  6967 | D:7      | Paralysed by a giant eyeball for 2 turns
  7230 | D:7      | HP: 2/50 [poisoned by a scorpion]
  7625 | D:8      | Noticed JacquesDerrida's ghost (experienced TeGl)
  7631 | D:8      | Killed JacquesDerrida's ghost
  7730 | D:8      | Found a glowing golden altar of the Shining One.
  7809 | D:8      | Found a staircase to the Lair.
  7824 | D:8      | Reached skill level 13 in Polearms
  7929 | Lair:1   | Entered Level 1 of the Lair of Beasts
  7935 | Lair:1   | Acquired Ashenzari's first power
  7954 | Lair:1   | Identified a scroll of acquirement
  8190 | Lair:1   | Noticed a seven-headed hydra
  8272 | Lair:2   | Noticed a five-headed hydra
  8301 | Lair:2   | Noticed a four-headed hydra
  8329 | Lair:2   | Noticed a spiny frog
  8330 | Lair:2   | Noticed a spiny frog
  8521 | Lair:1   | Noticed a black mamba
  8880 | D:9      | Reached skill level 5 in Dodging
  8920 | D:9      | Reached XP level 10. HP: 53/55 MP: 12/12
  9008 | D:9      | Found Riosies' Gadget Boutique.
  9545 | D:9      | Found Eqocium's Gadget Shoppe.
  9654 | D:9      | Found Yfruc's Distillery.
  9674 | D:9      | Bought a potion of mutation for 48 gold pieces
  9674 | D:9      | Bought a potion of slowing for 16 gold pieces
  9674 | D:9      | Bought a potion of heal wounds for 48 gold pieces
  9674 | D:9      | Bought a potion of invisibility for 88 gold pieces
  9674 | D:9      | Bought 2 potions of confusion for 32 gold pieces
  9674 | D:9      | Bought a potion of strong poison for 32 gold pieces
  9687 | D:9      | Gained mutation: You evolve. [potion of beneficial mutation]
  9688 | D:9      | Paralysed by a potion of paralysis for 4 turns
  9730 | D:9      | Reached skill level 10 in Dodging
  9752 | D:9      | Found a staircase to the Orcish Mines.
 10147 | D:9      | Found Bakog's Magic Scroll Boutique.
 10155 | D:9      | Bought a scroll of enchant weapon II for 82 gold pieces
 10155 | D:9      | Bought a scroll of identify for 30 gold pieces
 10158 | D:9      | Found Inaf's Magic Scroll Shop.
 10173 | D:10     | Entered Level 10 of the Dungeon
 10202 | D:10     | Found a flagged portal.
 10214 | Bailey   | Entered a bailey
 10566 | Bailey   | Identified the +13 crystal plate armour "Healik" {Str+3 Int-1 Stlth+} (You took it off an orc warrior in a bailey)
 10931 | Bailey   | Identified the +6,+8 sling of Armageddon {speed, +Fly rC-}
 10934 | Bailey   | Got the uncursed helmet of a bazaar {Str+2}
 10987 | D:10     | Reached XP level 11. HP: 47/60 MP: 14/14
 11124 | D:10     | Acquired Ashenzari's second power
 11214 | D:10     | Reached XP level 10. HP: 51/56 MP: 12/12
 11274 | D:10     | Noticed a hill giant
 11286 | D:10     | Killed a hill giant
 11286 | D:10     | Reached skill level 5 in Fighting
 11286 | D:10     | Reached XP level 11. HP: 46/63 MP: 14/14
 11377 | D:10     | Noticed a hill giant
 11389 | D:10     | Killed a hill giant
 11688 | D:10     | Reached skill level 1 in Armour
 11759 | D:11     | Noticed a hill giant
 11765 | D:11     | Killed a hill giant
 11771 | D:11     | Noticed a hill giant
 11972 | D:11     | Noticed BeartrapSandwich's ghost (powerful KoBe)
 12048 | D:11     | Killed BeartrapSandwich's ghost
 12048 | D:11     | Reached skill level 14 in Polearms
 12398 | D:11     | Killed a hill giant
 12398 | D:11     | Reached skill level 1 in Spellcasting
 12697 | Lair:1   | Killed a seven-headed hydra
 12697 | Lair:1   | Reached skill level 15 in Polearms
 13205 | Lair:2   | Killed a spiny frog
 13209 | Lair:2   | Identified Menkaure's Papyrus of Evil Rites
 13420 | Lair:2   | Killed a four-headed hydra
 13420 | Lair:2   | Reached XP level 12. HP: 26/72 MP: 17/20
 14439 | Lair:2   | HP: 2/72 [blink frog (7)]
 14943 | D:12     | Acquired Ashenzari's third power
 14955 | D:12     | Reached skill level 5 in Throwing
 15321 | D:12     | Noticed a four-headed hydra
 15400 | D:12     | Killed a four-headed hydra
 15400 | D:12     | Reached skill level 10 in Fighting
 15849 | D:13     | Noticed Urug
 16378 | D:9      | Gained mutation: Your flesh is cold resistant. [evolution]
 17411 | Lair:4   | Reached skill level 5 in Spellcasting
 17412 | Lair:4   | Noticed a four-headed hydra
 17490 | Lair:4   | Killed a four-headed hydra
 17490 | Lair:4   | Reached XP level 13. HP: 81/81 MP: 22/26
 17506 | Lair:4   | Noticed Harold
 17516 | Lair:4   | Killed Harold
 18138 | Lair:4   | Noticed a six-headed hydra
 18163 | Lair:4   | Killed a six-headed hydra
 18240 | Lair:5   | Found a hole to the Spider Nest.
 19228 | Lair:6   | Found a deep blue altar of Sif Muna.
 19234 | Lair:6   | Noticed a seven-headed hydra
 19321 | Lair:6   | Killed a seven-headed hydra
 19321 | Lair:6   | Reached skill level 5 in Armour
 19548 | Lair:6   | Noticed a six-headed hydra
 20131 | Lair:6   | Gained mutation: You are partially covered in iridescent scales (AC +4). [evolution]
 20219 | Lair:6   | Reached skill level 16 in Polearms
 20499 | Lair:6   | Killed a six-headed hydra
 20551 | Lair:6   | Found a staircase to the Shoals.
 21080 | Lair:7   | Noticed a four-headed hydra
 21092 | Lair:7   | Killed a four-headed hydra
 21141 | Lair:7   | Acquired Ashenzari's fourth power
 21156 | Lair:7   | Reached skill level 17 in Polearms
 21891 | Lair:8   | Entered Level 8 of the Lair of Beasts
 21920 | Lair:8   | Reached XP level 14. HP: 88/88 MP: 29/29
 21979 | Lair:8   | Identified the +1 ring mail of Patoma {+Rage +Inv rF+ MR++ Int-2 Dam-3 SInv}
 22278 | Lair:8   | Reached skill level 18 in Polearms
 22728 | Lair:8   | Found a viscous altar of Jiyva.
 22728 | Lair:8   | Found a staircase to the Slime Pits.
 23501 | Lair:8   | Noticed a dire elephant
 23577 | Lair:8   | Killed a dire elephant
 23577 | Lair:8   | Reached skill level 19 in Polearms
 23706 | Lair:8   | Noticed a dire elephant
 23792 | Lair:8   | Killed a dire elephant
 24014 | Lair:8   | Noticed a four-headed hydra
 24053 | Lair:8   | Killed a four-headed hydra
 24222 | Lair:8   | Found a burning altar of Makhleb.
 24226 | Lair:8   | Found a gateway to Hell.
 25090 | D:13     | Killed Urug
 25261 | D:12     | Gained mutation: You possess an exceptional clarity of mind. [evolution]
 25374 | D:13     | Noticed Nergalle
 25387 | D:13     | Killed Nergalle
 25387 | D:13     | Reached skill level 20 in Polearms
 25548 | D:13     | Noticed Erica
 25556 | D:13     | Killed Erica
 25917 | D:14     | Entered Level 14 of the Dungeon
 26117 | D:14     | Noticed Josephine
 26138 | D:14     | Killed Josephine
 26932 | D:14     | Reached XP level 15. HP: 92/92 MP: 29/29
 26989 | D:14     | Reached skill level 21 in Polearms
 27028 | D:14     | Noticed Rupert
 27029 | D:14     | Paralysed by Rupert for 7 turns
 27118 | D:15     | Entered Level 15 of the Dungeon
 27650 | D:15     | Found a portal to a secret trove of treasure.
 28045 | D:16     | Identified the cursed -3,+3 battleaxe "Onafizut" {distort, rElec}
 28151 | D:16     | Noticed Azrael
 28417 | Orc:1    | Entered Level 1 of the Orcish Mines
 28562 | Orc:1    | Found Reykkiomm's Weapon Emporium.
 28820 | Orc:2    | Found a bloodstained altar of Trog.
 28958 | Orc:2    | Noticed Eustachio
 28972 | Orc:2    | Killed Eustachio
 29160 | Orc:2    | Noticed Sonja
 29172 | Orc:2    | Killed Sonja
 29204 | Orc:3    | Found Boseont's Weapon Shoppe.
 29394 | Orc:4    | Entered Level 4 of the Orcish Mines
 29446 | Orc:4    | Found a staircase to the Elven Halls.
 29450 | Orc:4    | Noticed kroupouk's ghost (powerful KoBe)
 29463 | Orc:4    | Killed kroupouk's ghost
 30300 | Orc:4    | Reached skill level 22 in Polearms
 30891 | Orc:4    | Gained mutation: You tend to lose your temper in combat. [evolution]
 31180 | Orc:4    | Found Appasas' Armour Emporium.
 31180 | Orc:4    | Found Wadot's General Store.
 31180 | Orc:4    | Found Thrigocump's Book Emporium.
 31180 | Orc:4    | Found Joyjeama's Antique Weapon Emporium.
 31189 | Orc:4    | Bought a scroll of recharging for 71 gold pieces
 31194 | Orc:4    | Bought a shimmering spear for 262 gold pieces
 31194 | Orc:4    | Identified the cursed +0,-4 spear of the Snake Pit {pierce, Dex+1} (You bought it in a shop on level 4 of the Orcish Mines)
 31198 | Orc:4    | Bought a book of Air for 490 gold pieces
 31204 | Orc:4    | Learned a level 2 spell: Repel Missiles
 31207 | Orc:4    | Learned a level 2 spell: Swiftness
 31509 | D:14     | Paralysed by Rupert for 3 turns
 31515 | D:14     | Killed Rupert
 31515 | D:14     | Reached skill level 1 in Charms
 31781 | D:16     | Killed Azrael
 31998 | D:16     | Found a staircase to the Vaults.
 32018 | Vaults:1 | Entered Level 1 of the Vaults
 32182 | Vaults:1 | Reached XP level 16. HP: 53/100 MP: 31/31
 32803 | Vaults:1 | Noticed Wiglaf
 32848 | Vaults:1 | Killed Wiglaf
 32896 | Vaults:1 | Found Giguf's Distillery.
 33053 | Vaults:1 | Noticed Louise
 33272 | Vaults:1 | Reached skill level 5 in Charms
 33637 | Vaults:2 | Found a staircase to the Enchanted Forest.
 34274 | Vaults:2 | Reached skill level 10 in Spellcasting
 34988 | Vaults:2 | Reached skill level 1 in Air Magic
 35115 | Vaults:2 | Noticed a vault warden
 35170 | Vaults:2 | Killed a vault warden
 35170 | Vaults:2 | Reached XP level 17. HP: 49/104 MP: 33/35
 35726 | D:16     | Noticed Snorg
 35738 | D:16     | Killed Snorg
 35738 | D:16     | Reached skill level 5 in Air Magic
 36299 | D:17     | Noticed Roxanne
 36447 | D:17     | Learned a level 2 spell: Cure Poison
 39076 | D:20     | Entered Level 20 of the Dungeon
 39111 | D:20     | Reached skill level 10 in Air Magic
 39239 | D:20     | Reached XP level 18. HP: 74/111 MP: 37/37
 40362 | D:21     | Noticed Mara
 40370 | D:21     | Noticed Mara
 40370 | D:21     | Noticed Mara
 40404 | D:21     | Paralysed by a red wasp for 2 turns
 40435 | D:21     | Gained mutation: You are partially covered in large bone plates (AC +2, SH +2). [evolution]
 40435 | D:21     | Lost mutation: You evolve. [end of evolution]
 41019 | D:22     | Noticed a sphinx
 41022 | D:22     | Paralysed by a sphinx for 4 turns
 41035 | D:22     | Killed a sphinx
 41097 | D:22     | Noticed Frances
 41113 | D:22     | Killed Frances
 41271 | D:22     | Found a one-way gate leading to the halls of Pandemonium.
 41614 | D:20     | Upgraded the game from 0.13-a0-1804-g486adc7 to 0.13-a0-2001-g039544c
 42934 | Vaults:3 | Reached XP level 19. HP: 73/116 MP: 33/38
 43184 | Forest:1 | Entered Level 1 of the Enchanted Forest
 44751 | Vaults:2 | Identified the +2 helmet of a bazaar {Str+2} (You found it in a bailey)
 45321 | Shoals:1 | Entered Level 1 of the Shoals
 45979 | Shoals:2 | Noticed DasRunzen's ghost (mighty DjFE)
 46049 | Shoals:2 | Reached skill level 15 in Air Magic
 46087 | Shoals:3 | Noticed a kraken
 46238 | Shoals:1 | Identified the +2 helmet of a bazaar {Str+2} (You found it in a bailey)
 46434 | Shoals:3 | Reached skill level 15 in Spellcasting
 47484 | D:21     | Reached XP level 20. HP: 122/122 MP: 40/40
 48007 | D:22     | Identified the +0 robe of the Original Sin {+Blink}
 48833 | Orc:4    | Bought a book of Enchantments for 650 gold pieces
 48833 | Orc:4    | Bought a scroll of enchant armour for 71 gold pieces
 48841 | Orc:4    | Learned a level 5 spell: Silence
 48848 | Orc:4    | Learned a level 6 spell: Haste
 48855 | Orc:4    | Learned a level 6 spell: Deflect Missiles
 48861 | Orc:4    | Learned a level 3 spell: Mephitic Cloud
 49012 | Lair:1   | Identified the +2 helmet of a bazaar {Str+2} (You found it in a bailey)
 49593 | D:23     | Noticed Frederick
 49616 | D:23     | Killed Frederick
 50213 | D:24     | Reached skill level 10 in Armour
 50317 | D:24     | Noticed Jory
 50318 | D:24     | Identified the ring "Oxougufa" {rElec EV+5 Str+3}
 50659 | D:24     | Paralysed by a vampire knight for 4 turns
 50819 | D:24     | Reduced skill Air Magic to level 15
 50997 | D:24     | Found a one-way gate to the infinite horrors of the Abyss.
 51154 | D:24     | Noticed Sojobo
 51155 | D:24     | Killed from afar by Sojobo

Action                   |  1- 3 |  4- 6 |  7- 9 | 10-12 | 13-15 | 16-18 | 19-21 || total
-------------------------+-------+-------+-------+-------+-------+-------+-------++-------
Melee: Trident           |    70 |   210 |   276 |       |       |       |       ||   556
       Demon trident     |       |       |    59 |   778 |  1583 |  1548 |  1073 ||  5041
Throw: Throwing net      |       |     1 |     1 |     1 |     1 |       |       ||     4
       Javelin           |       |       |    42 |    59 |    68 |    26 |     3 ||   198
 Cast: Repel Missiles    |       |       |       |       |     6 |    36 |    32 ||    74
       Swiftness         |       |       |       |       |     2 |    30 |     9 ||    41
       Silence           |       |       |       |       |       |       |     2 ||     2
Invok: Scrying           |       |       |       |       |       |    11 |     4 ||    15
       Transfer Knowledg |       |       |       |       |       |       |     1 ||     1
 Abil: Hellfire          |       |     1 |     1 |    15 |    24 |       |       ||    41
       Evoke Berserk Rag |       |       |       |       |     2 |       |       ||     2
Evoke: Wand              |       |       |     6 |    10 |    20 |    24 |    16 ||    76
  Use: Potion            |     2 |     2 |     6 |    17 |     7 |     2 |    10 ||    46
       Scroll            |       |    11 |    18 |    11 |    12 |    11 |     8 ||    71
 Stab: Sleeping          |     2 |     2 |     2 |     6 |     7 |     5 |       ||    24
       Held in net/web   |       |       |     1 |       |     1 |       |       ||     2
       Distracted        |       |       |       |     2 |     3 |     1 |     2 ||     8
       Invisible         |       |       |       |     1 |       |       |       ||     1
       Fleeing           |       |       |       |       |       |     2 |     1 ||     3
